 Dungeon Crawl Stone Soup version 0.30-a0-1163-gf69bf04e7a (webtiles) character file.

Game seed: 6051543035854959220

823 cheesebisquit the Fighter (level 7, 0/69 HPs)
             Began as a White Draconian Fire Elementalist on Apr 28, 2023.
             Succumbed to a gnoll sergeant's poison
             ... on level 5 of the Dungeon.
             The game lasted 00:15:21 (5407 turns).

cheesebisquit the Fighter (DrFE)                    Turns: 5407, Time: 00:15:22

Health: 0/69       AC:  8    Str: 10    XL:     7   Next: 63%
Magic:  0/10       EV: 12    Int: 18    God:
Gold:   307        SH:  0    Dex: 11    Spells: 3/11 levels left

rFire   . . .        n - +2 spear (venom)
rCold   + . .        (no shield)
rNeg    . . .        (body armour unavailable)
rPois   .            (helmet restricted)
rElec   .            s - +0 cloak
rCorr   .            (no gloves)
SInv    +            l - +0 pair of boots
Will    .....        (no amulet)
Stlth   ++           d - ring of see invisible
HPRegen 0.31/turn    (no ring)
MPRegen 0.12/turn

%: no passive effects
@: lethally poisoned (0 -> -18), hasted, very quick
A: breathe frost, AC +6, unfitting armour, cold resistance 1, cold-blooded
a: Breathe Frost


You were on level 5 of the Dungeon.
You visited 1 branch of the dungeon, and saw 5 of its levels.

You collected 307 gold pieces.

Inventory:

Hand Weapons
 n - a +2 spear of venom (weapon)
 r - a +1 whip of electrocution
 v - a +0 flail
 w - a +1 flail of draining
Missiles
 p - 15 poisoned darts
Armour
 l - a +0 pair of boots (worn)
 s - a +0 cloak (worn)
Jewellery
 d - a ring of see invisible (left hand)
Scrolls
 b - 2 scrolls of immolation {unknown}
 e - 2 scrolls of amnesia {unknown}
 f - a scroll of fog {unknown}
 h - 7 scrolls of identify {unknown}
 i - a scroll of torment {unknown}
 j - 3 scrolls of poison {unknown}
 m - a scroll of noise {unknown}
 o - 2 scrolls of enchant weapon {unknown}
 u - a scroll of teleportation {unknown}
 x - 2 scrolls of enchant armour {unknown}
 y - a scroll of magic mapping {unknown}
 z - a scroll of fear {unknown}
Potions
 g - a potion of mutation {unknown}
 k - a potion of brilliance {unknown}
 q - a potion of degeneration {unknown}
 t - a potion of attraction {unknown}


   Skills:
 + Level 8.5 Fighting
 + Level 1.4 Polearms
 + Level 2.4 Dodging
 - Level 1.7 Stealth
 + Level 2.5 Spellcasting
 - Level 1.0 Conjurations
 - Level 2.4 Fire Magic
 + Level 1.7 Ice Magic


You had 3 spell levels left.
You knew the following spells:

 Your Spells              Type           Power      Damage    Failure   Level
a - Foxfire               Conj/Fire      32%        2x1d5     9%          1
b - Freeze                Ice            32%        1d5       9%          1
c - Hailstorm             Conj/Ice       7%         3d4       28%         3
d - Frozen Ramparts       Ice            16%        1d3       26%         3

Your spell library contained the following spells:

 Spells                   Type           Power      Damage    Failure   Level
 Scorch                   Fire           20%        2d5       10%         2
 Summon Small Mammal      Summ           8%         N/A       17%         1
 Inner Flame              Hex/Fire       6%         N/A       32%         3
 Volatile Blastmotes      Fire/Tloc      12%        2d11      32%         3
 Call Canine Familiar     Summ           2%         N/A       45%         3
 Summon Guardian Golem    Hex/Summ       2%         N/A       45%         3
 Flame Wave               Conj/Fire      8%         2d5       63%         4


Dungeon Overview and Level Annotations

Branches:
Dungeon (5/15)
 Temple: D:4-7

Altars:
Cheibriados
Makhleb
Ru

Shops:
D:4 (

Annotations:
D:3 2 transporters
D:4 4 runed translucent doors


Innate Abilities, Weirdness & Mutations

You can breathe waves of freezing cold which knock back foes.
Your icy white scales are hard. (AC +6)
You cannot fit into any form of body armour.
Your flesh is cold resistant. (rC+)
You are cold-blooded and may be slowed by cold attacks.


Message History

Press: ? - help, Dir - move target, f - gnoll sergeant
Aim: a gnoll sergeant, wielding a +2 trident of venom, wearing a +0 ring mail and wearing a +0 kite shield (severely wounded, extremely poisoned, ally target, about 25% to evade your +2 spear of venom)
You reach to attack!
The gnoll sergeant blocks your attack.
The gnoll sergeant is severely wounded.
The gnoll sergeant hits you from afar with a +2 trident of venom!
The foxfire hits the gnoll sergeant but does no damage.
The gnoll sergeant is severely wounded.
Reach: n) +2 spear (venom)
Press: ? - help, Dir - move target, f/p - gnoll sergeant
Aim: a gnoll sergeant, wielding a +2 trident of venom, wearing a +0 ring mail and wearing a +0 kite shield (severely wounded, extremely poisoned, ally target, about 25% to evade your +2 spear of venom)
You reach to attack!
You hit the gnoll sergeant.
The gnoll sergeant looks as sick as possible!
The gnoll sergeant is severely wounded.
The foxfire hits the gnoll sergeant but does no damage.
The gnoll sergeant is severely wounded.
The gnoll sergeant hits you from afar with a +2 trident of venom!
* * * LOW HITPOINT WARNING * * *
You are poisoned.
Okay, then.
Reach: n) +2 spear (venom)
Press: ? - help, Dir - move target, f/p - gnoll sergeant
Aim: a gnoll sergeant, wielding a +2 trident of venom, wearing a +0 ring mail and wearing a +0 kite shield (severely wounded, extremely poisoned, about 25% to evade your +2 spear of venom)
You reach to attack!
You hit the gnoll sergeant.
The gnoll sergeant looks as sick as possible!
The gnoll sergeant is severely wounded.
You feel sick.
Reach: n) +2 spear (venom)
Press: ? - help, Dir - move target, f/p - gnoll sergeant
Aim: a gnoll sergeant, wielding a +2 trident of venom, wearing a +0 ring mail and wearing a +0 kite shield (severely wounded, extremely poisoned, about 25% to evade your +2 spear of venom)
You reach to attack!
You barely miss the gnoll sergeant.
The gnoll sergeant is severely wounded.
The gnoll sergeant hits you from afar with a +2 trident of venom!
* * * LOW HITPOINT WARNING * * *
You are more poisoned.
Reach: n) +2 spear (venom)
Press: ? - help, Dir - move target, f/p - gnoll sergeant
Aim: a gnoll sergeant, wielding a +2 trident of venom, wearing a +0 ring mail and wearing a +0 kite shield (almost dead, extremely poisoned, about 25% to evade your +2 spear of venom)
You reach to attack!
You closely miss the gnoll sergeant.
The gnoll sergeant is almost dead.
You die...

## ### .## #########.##
..###...##.....#
...##.....######
...#..###..>#########...
......# ##......@)).....
.....## ##.......g.....
....## #..######.....
...## ####..## .... ...#
####......# ... ...#
#.........## .. ..##
#..........# . ..#
##..........## .#
#.......>....#


You could see a gnoll sergeant (extremely poisoned).

Vanquished Creatures
  An ogre (D:5)
  A kobold brigand (D:4)
  A bullfrog (D:4)
  A howler monkey (D:4)
  An orc priest (D:4)
  3 hounds
  An iguana (D:5)
  3 orc wizards (D:4)
  Natasha (thrice) (D:2)
  Robin (D:2)
  6 adders
  10 gnolls
  5 dart slugs
  13 orcs (D:4)
  2 bats (D:1)
  11 endoplasms
  3 giant cockroaches (D:1)
  14 goblins
  9 hobgoblins
  4 jackals (D:5)
  5 kobolds
  3 quokkas
  3 ball pythons
  3 rats
107 creatures vanquished.

Vanquished Creatures (others)
  312 foxfires
312 creatures vanquished.

Grand Total: 419 creatures vanquished

Notes
Turn   | Place    | Note
-------+----------+-------------------------------------------
     0 | D:1      | cheesebisquit the Draconian Fire Elementalist began the
                  | quest for the Orb.
     0 | D:1      | Reached XP level 1. HP: 14/14 MP: 3/3
   136 | D:1      | Reached skill level 1 in Fighting
   378 | D:1      | Reached XP level 2. HP: 24/24 MP: 3/5
   510 | D:1      | Reached skill level 2 in Fighting
   910 | D:2      | Reached skill level 3 in Fighting
   910 | D:2      | Reached XP level 3. HP: 31/31 MP: 2/6
   912 | D:2      | Noticed Robin
  1164 | D:2      | Noticed Natasha
  1178 | D:2      | Killed Natasha
  1394 | D:2      | Reached skill level 4 in Fighting
  1405 | D:2      | Found a faded altar of an unknown god.
  1513 | D:2      | Killed Robin
  1514 | D:2      | Reached XP level 4. HP: 20/40 MP: 1/7
  1638 | D:2      | Noticed Natasha
  1912 | D:2      | Killed Natasha
  1953 | D:2      | Noticed Natasha
  1961 | D:2      | Killed Natasha
  1962 | D:2      | Reached skill level 5 in Fighting
  1962 | D:2      | Reached XP level 5. HP: 37/48 MP: 3/8
  2371 | D:3      | Found a transporter.
  2836 | D:3      | HP: 2/49 [gnoll/+0 whip (6)]
  3026 | D:3      | Found a snail-covered altar of Cheibriados.
  3159 | D:3      | Found a transporter.
  3276 | D:4      | Reached skill level 6 in Fighting
  3540 | D:4      | Reached XP level 6. HP: 55/58 MP: 1/9
  3551 | D:4      | Reached skill level 7 in Fighting
  3645 | D:4      | Found Xedefo's Antique Weapon Shop.
  3678 | D:4      | Found a large runed translucent door.
  3680 | D:4      | Found a large runed translucent door.
  3696 | D:4      | Found a large runed translucent door.
  3696 | D:4      | Found a large runed translucent door.
  4638 | D:4      | Reached skill level 8 in Fighting
  4638 | D:4      | Your scales start taking on an icy white colour.
  4638 | D:4      | Reached XP level 7. HP: 64/68 MP: 5/10
  4638 | D:4      | Gained mutation: Your flesh is cold resistant. (rC+) [White
                  | Draconian growth]
  4641 | D:4      | Learned a level 1 spell: Freeze
  4645 | D:4      | Learned a level 3 spell: Hailstorm
  4649 | D:4      | Learned a level 3 spell: Frozen Ramparts
  4678 | D:4      | Found a sacrificial altar of Ru.
  4975 | D:5      | Entered Level 5 of the Dungeon
  4982 | D:5      | Reached skill level 1 in Ice Magic
  5112 | D:5      | Found a burning altar of Makhleb.
  5139 | D:5      | Reached skill level 1 in Polearms
  5407 | D:5      | Succumbed to a gnoll sergeant's poison

Illustrated notes

Levels and vault maps discovered:
D:1:      dpeg_arrival_round_b, layout_basic
D:2:      layout_basic, hellmonk_ecumenical_altar_prayer_group, minivault_23,
          uniq_natasha, uniq_robin
D:3:      gammafunk_wand_slinger, layout_loops_ring, kennysheep_slug_shrine
D:4:      layout_basic, lemuel_coloured_pillars_altar, serial_shops,
          nicolae_shop_scrapyard, serial_park_tiny_2,
          minmay_hollow_rounded_squares
D:5:      layout_cave_pods, old_standard_altar, uniq_ijyb,
          uniq_crazy_yiuf_cottage

Skill      XL: |  1  2  3  4  5  6  7 |
---------------+----------------------+-----
Fighting       | 1 3 4 5 6 8 |  8.5
Fire Magic     | 2 |  2.4
Dodging        | 2 |  2.4
Ice Magic      | 1 |  1.7
Polearms       | 1 |  1.4
Stealth        | |  1.7
Spellcasting   | |  2.5
Conjurations   | |  1.0

Action                     |  1- 3 |  4- 6 |  7- 9 || total
---------------------------+-------+-------+-------++-------
  Melee: Unarmed           |     3 |       |       ||     3
         Tailslap          |     7 |     7 |     2 ||    16
         Rapier            |    25 |     2 |       ||    27
         Whip              |       |    36 |       ||    36
         Spear             |       |    56 |    41 ||    97
         Punch             |       |     1 |     1 ||     2
         Flail             |       |    13 |       ||    13
   Cast: Foxfire           |    55 |   102 |    37 ||   194
    Use: Potion            |     1 |       |     2 ||     3
   Stab: Sleeping          |       |     3 |       ||     3
 Armour: Skin              |    13 |    48 |     9 ||    70
  Dodge: Dodged            |    32 |    83 |    20 ||   135

Table legend: (Time is in decaauts)
 A = Elapsed time spent in this place.
 B = Non-inter-level travel time spent in this place.
 C = Inter-level travel time spent in this place.
 D = Time resting spent in this place.
 E = Time spent auto-exploring this place.
 F = Levels seen in this place.
 G = Mean time per level.
                   A        B        C        D        E       F      G
               +--------+--------+--------+--------+--------+-----+--------+
         Total |   5433 |   5210 |    223 |      0 |   4360 |   5 | 1086.6 |
       Dungeon |   5433 |   5210 |    223 |      0 |   4360 |   5 | 1086.6 |
               +--------+--------+--------+--------+--------+-----+--------+

Top non-repeatable levels by time:
     D:4: 1725 daAuts
     D:2: 1278 daAuts
     D:1: 1129 daAuts
     D:3: 869 daAuts
     D:5: 430 daAuts
